 Dungeon Crawl Stone Soup version 0.22-a0-756-gc33bbe721d (webtiles) character file.

1572 RedPan the Slicer (level 9, -6/57 HPs)
             Began as a Halfling Skald on July 16, 2018.
             Was a Believer of Qazlal.
             Mangled by a wyvern zombie (9 damage)
             ... on level 6 of the Dungeon.
             The game lasted 00:18:08 (7516 turns).

RedPan the Slicer (Halfling Skald)                  Turns: 7516, Time: 00:18:09

Health: -6/57      AC:  4    Str: 15    XL:     9   Next: 13%
Magic:  9/12       EV: 16    Int: 11    God:    Qazlal [**....]
Gold:   285        SH:  2    Dex: 14    Spells: 3/12 levels left

rFire    . . .     SeeInvis .   a - +0 short sword
rCold    . . .     Gourm    .   (shield restricted)
rNeg     . . .     Faith    .   b - +0 leather armour
rPois    .         Spirit   .   (no helmet)
rElec    .         Reflect  .   (no cloak)
rCorr    .         Harm     .   e - +0 pair of gloves
MR       .....                  (no boots)
Stlth    ++........             (no amulet)
HPRegen  0.19/turn              (no ring)
MPRegen  0.13/turn              (no ring)

@: very slightly contaminated
A: small, mutation resistance 1
a: Upheaval, Renounce Religion


You were on level 6 of the Dungeon.
You worshipped Qazlal.
Qazlal was pleased with you.
You were hungry.

You visited 1 branch of the dungeon, and saw 6 of its levels.

You collected 285 gold pieces.

Inventory:

Hand Weapons
 a - a +0 short sword (weapon)
 g - a +0 dagger
Missiles
 c - 8 curare-tipped needles
Armour
 b - a +0 leather armour (worn)
 e - a +0 pair of gloves (worn)
Scrolls
 f - a scroll of fear
 h - 6 scrolls of teleportation
 j - 2 scrolls of identify
 l - 2 scrolls of remove curse
 m - 3 scrolls of amnesia
Potions
 i - a potion of heal wounds
 k - a potion of curing
Comestibles
 d - 10 rations


   Skills:
 + Level 3.2 Fighting
 - Level 8.0 Short Blades
 - Level 1.1 Armour
 + Level 3.8 Dodging
 + Level 4.9 Stealth
 - Level 2.0 Spellcasting
 - Level 2.0 Hexes
 + Level 6.0 Charms
 - Level 2.0 Necromancy


You had 3 spell levels left.
You knew the following spells:

 Your Spells              Type           Power        Failure   Level  Hunger
a - Infusion              Chrm           ##..         3%          1    ##.....
b - Shroud of Golubria    Chrm/Tloc      #.........   16%         2    ###....
c - Regeneration          Chrm/Necr      #.........   21%         3    ####...
d - Spectral Weapon       Hex/Chrm       #.......     21%         3    ####...

Your spell library contained the following spells:

 Spells                   Type           Power        Failure   Level  Hunger
 Magic Dart               Conj           #...         34%         1    ##.....
 Iskenderun's Mystic Bla  Conj           #.......     98%         4    #####..
 Fulminant Prism          Conj/Hex       #.........   93%         4    #####..
 Dazzling Spray           Conj/Hex       #.....       56%         3    ####...
 Force Lance              Conj/Tloc      #.......     98%         4    #####..
 Song of Slaying          Chrm           ##......     4%          2    ###....
 Searing Ray              Conj           #.....       47%         2    ###....


Dungeon Overview and Level Annotations

Branches:
Dungeon (6/15)
 Temple: D:4-7

Altars:
Ashenzari
Dithmenos
Kikubaaqudgha
Qazlal
Xom


Innate Abilities, Weirdness & Mutations

You are small and have problems with some larger weapons.
You are somewhat resistant to further mutation.


Message History

The shadow imp hits you but does no damage.
The wyvern zombie closely misses you.
Casting: Infusion (safe; 3% risk of failure)
Confirm with . or Enter, or press ? or * to list all spells.
Space distorts slightly along a thin shroud covering your body.
The wyvern zombie is struck by lightning.
The wyvern zombie bites you.
* * * LOW HITPOINT WARNING * * *
Your shroud falls apart!
The shadow imp completely misses you.
The wyvern zombie is struck by lightning.
The wyvern zombie bites you!
* * * LOW HITPOINT WARNING * * *
You hear a shout! x8
The shadow imp barely misses you.
The wyvern zombie completely misses you.
You barely miss the wyvern zombie.
The wyvern zombie is almost destroyed.
The wyvern zombie bites you!
You die...

## ######### .>
.......... #. #.........
##.##### #.........
#......# #.........
#......#####.........
####.........@Z5........
..........#####.........
#####......# #.........
#.......#.## #.........
#.#####.#.# #.........
#.#...#.#.# #......... .
#.....#.#.# #.........
..#.....#.#.# ...$...!..
.....<..'.#.# #.........


You could see a shadow imp and a wyvern zombie.

Vanquished Creatures
  The ghost of Bapho the Ruffian, a novice DrTm of Ru (D:5)
  Sigmund (D:2)
  An ice beast (D:5)
  2 ogres (D:4)
  A centaur (D:5)
  A scorpion (D:4)
  3 crimson imps (D:5)
  A bullfrog zombie (D:5)
  A centaur skeleton (D:4)
  A hound (D:5)
  4 orc priests (D:5)
  2 orc wizards
  A bullfrog skeleton (D:5)
  4 worker ants
  A hound skeleton (D:4)
  A howler monkey skeleton (D:5)
  6 adders
  A shadow imp (D:5)
  2 oozes
  An adder zombie (D:5)
  3 worms
  A dart slug (D:1)
  6 leopard geckos
  25 orcs
  5 giant cockroaches
  9 goblins
  10 hobgoblins
  6 kobolds
  A quokka (D:2)
  2 ball pythons
  6 bats
  6 frilled lizards
  5 rats
121 creatures vanquished.

Notes
Turn   | Place    | Note
-------+----------+-------------------------------------------
     0 | D:1      | RedPan the Halfling Skald began the quest for the Orb.
     0 | D:1      | Reached XP level 1. HP: 14/14 MP: 3/3
   212 | D:1      | Reached XP level 2. HP: 19/19 MP: 4/4
   300 | D:1      | Reached skill level 3 in Short Blades
   431 | D:1      | Reached XP level 3. HP: 5/24 MP: 0/5
  1420 | D:2      | Found a stormy altar of Qazlal.
  1432 | D:2      | Became a worshipper of Qazlal Stormbringer
  1560 | D:2      | Reached skill level 4 in Short Blades
  1560 | D:2      | Reached XP level 4. HP: 20/29 MP: 3/7
  1744 | D:2      | Found a shattered altar of Ashenzari.
  1755 | D:2      | Noticed Sigmund
  1802 | D:2      | Killed Sigmund
  1802 | D:2      | Reached skill level 5 in Short Blades
  1802 | D:2      | Reached XP level 5. HP: 13/34 MP: 1/8
  1802 | D:2      | Reached XP level 6. HP: 15/39 MP: 1/9
  2233 | D:3      | Learned a level 2 spell: Shroud of Golubria
  2237 | D:3      | Learned a level 3 spell: Regeneration
  2241 | D:3      | Learned a level 3 spell: Spectral Weapon
  2590 | D:3      | Reached skill level 6 in Short Blades
  2602 | D:3      | Reached * piety under Qazlal
  2849 | D:3      | Found an ancient bone altar of Kikubaaqudgha.
  3386 | D:3      | Reached skill level 5 in Charms
  3771 | D:4      | Reached skill level 1 in Hexes
  3771 | D:4      | Reached skill level 1 in Necromancy
  3771 | D:4      | Reached XP level 7. HP: 18/44 MP: 2/10
  3987 | D:4      | Reached skill level 1 in Stealth
  4263 | D:4      | Reached skill level 7 in Short Blades
  4518 | D:4      | Found a shadowy altar of Dithmenos.
  5114 | D:5      | Entered Level 5 of the Dungeon
  5170 | D:5      | Found a runed door.
  5311 | D:5      | Reached XP level 8. HP: 29/49 MP: 5/11
  5496 | D:5      | Reached ** piety under Qazlal
  5537 | D:5      | Reached skill level 8 in Short Blades
  5849 | D:5      | Noticed Bapho's ghost (novice DrTm)
  5912 | D:5      | Killed Bapho's ghost
  6554 | D:5      | Reached XP level 9. HP: 31/56 MP: 1/12
  7476 | D:6      | Found a shimmering altar of Xom.
  7512 | D:6      | HP: 2/57 [wyvern zombie (11)]
  7516 | D:6      | Mangled by a wyvern zombie

Vault maps used:
D:1:      mrwooster_arrival_statue_3, minmay_misc_feat_alley
D:2:      ashenzari_altar_1, nicolae_overflow_crystal_walls, uniq_sigmund
D:3:      kiku_gazebo_pond_becter
D:4:      grunt_dithmenos_smoke, first_ration
D:5:      ebering_ghost_sewer_d
D:6:      nicolae_whirlpool, hangedman_ru_absence, basic_altar,
          eino_small_chamber_without_monster, uniq_duvessa

Skill      XL: |  1  2  3  4  5  6  7  8  9 |
---------------+----------------------------+-----
Short Blades   | 3 4 5 6 7 8 |  8.0
Spellcasting   | 2 |  2.0
Charms         | 4 5 6 |  6.0
Hexes          | 1 2 |  2.0
Necromancy     | 1 2 |  2.0
Stealth        | 2 4 |  4.9
Fighting       | 3 |  3.2
Dodging        | 3 |  3.8
Armour         | |  1.1

Action                   |  1- 3 |  4- 6 |  7- 9 || total
-------------------------+-------+-------+-------++-------
Melee: Short sword       |   139 |   238 |   357 ||   734
 Cast: Infusion          |    10 |    12 |    18 ||    40
       Regeneration      |       |     2 |     1 ||     3
       Shroud of Golubri |       |     1 |    11 ||    12
Invok: Upheaval          |       |       |     1 ||     1
  Use: Potion            |       |     5 |     8 ||    13
       Scroll            |       |     9 |     1 ||    10
 Stab: Sleeping          |     1 |       |       ||     1
  Eat: Chunk             |     2 |     8 |    10 ||    20
       Ration            |       |       |     1 ||     1
Armor: Leather armour    |    28 |    22 |    34 ||    84
       Skin              |       |       |     7 ||     7
Dodge: Dodged            |    98 |   137 |   156 ||   391
Block: Other             |       |     7 |    25 ||    32

Table legend:
 A = Spawn XP
 B = Non-spawn XP
 C = Spawn XP percentage of total XP
 D = Spawn monster count
 E = Non-spawn monster count
 F = Spawn count percentage of total count
 G = Total turns spent on level
                    A         B        C        D         E        F      G
               +---------+---------+-------+---------+---------+-------+---------
         Total |       0 |    2246 |   0.0 |       0 |     121 |   0.0 |  7516
               +---------+---------+-------+---------+---------+-------+---------
           D:1 |       0 |      43 |   0.0 |       0 |      20 |   0.0 |  1108
           D:2 |       0 |     268 |   0.0 |       0 |      15 |   0.0 |  1073
           D:3 |       0 |     143 |   0.0 |       0 |      44 |   0.0 |  1452
           D:4 |       0 |     462 |   0.0 |       0 |      12 |   0.0 |  1930
           D:5 |       0 |    1330 |   0.0 |       0 |      30 |   0.0 |  1913
               +---------+---------+-------+---------+---------+-------+---------
